 Dungeon Crawl Stone Soup version 0.16-a0-2921-g3a24241 (webtiles) character file.

56609 Ololoev the Stormcaller (level 14, -2/93 HPs)
             Began as a Black Draconian Wizard on Dec 2, 2014.
             Was a High Priest of Vehumet.
             Slain by a wolf spider (13 damage)
             ... on level 8 of the Lair of Beasts.
             The game lasted 02:43:31 (29579 turns).

Ololoev the Stormcaller (Black Draconian Wizard)   Turns: 29579, Time: 02:43:31

Health: -2/93      AC: 16    Str: 10    XL:     14   Next: 42%
Magic:  22/58      EV: 12    Int: 24    God:    Vehumet [*****.]
Gold:   1297       SH:  0    Dex:  9    Spells: 10 memorised, 6 levels left

rFire  + + .     SeeInvis .     a - staff of power
rCold  . . .     Clarity  .     (armour unavailable)
rNeg   . . .     SustAb   .     (no shield)
rPois  .         Gourm    .     D - +1 hat
rElec  +         Spirit   .     o - +2 cloak
rCorr  .         Warding  .     S - +0 pair of gloves "Amalaff" {rF++}
rMut   .         Stasis   .     T - +2 pair of boots
MR     ++...                    (no amulet)
Stlth  ++........               w - ring of wizardry
                                N - ring of magical power

@: lethally poisoned, about to teleport, flying, slowed, repel missiles, very
slow, very resistant to hostile enchantments, unstealthy
A: breathe lightning, able to fly continuously, unfitting armour, big wings,
blink 1, magic resistance 1, electricity resistance, cold-blooded, AC +8
a: Breathe Lightning, Stop Flying, Blink, Renounce Religion


You were on level 8 of the Lair of Beasts.
You worshipped Vehumet.
Vehumet was extremely pleased with you.
You were hungry.

You visited 2 branches of the dungeon, and saw 21 of its levels.
You also visited: Ossuary.

You collected 1597 gold pieces.
You spent 300 gold pieces at shops.

Notes
Turn   | Place    | Note
--------------------------------------------------------------
     0 | D:1      | Ololoev, the Draconian Wizard, began the quest for the Orb.
     0 | D:1      | Reached XP level 1. HP: 14/14 MP: 4/4
   353 | D:1      | Reached XP level 2. HP: 18/20 MP: 3/6
   357 | D:1      | Learned a level 2 spell: Repel Missiles
  1066 | D:1      | Reached XP level 3. HP: 18/26 MP: 5/8
  1590 | D:2      | Learned a level 3 spell: Conjure Flame
  1955 | D:2      | Reached XP level 4. HP: 33/33 MP: 3/10
  2007 | D:1      | Learned a level 3 spell: Mephitic Cloud
  2287 | D:2      | Reached skill level 4 in Conjurations
  2588 | D:3      | Found an ancient bone altar of Kikubaaqudgha.
  2612 | D:3      | Reached XP level 5. HP: 26/38 MP: 6/12
  2861 | D:3      | Found a radiant altar of Vehumet.
  2873 | D:3      | Became a worshipper of Vehumet
  3607 | D:3      | Reached skill level 5 in Conjurations
  3823 | D:3      | Found a stormy altar of Qazlal.
  3908 | D:3      | Acquired Vehumet's first power
  3908 | D:3      | Offered knowledge of Sting by Vehumet.
  4124 | D:4      | Found a sand-covered staircase.
  4159 | D:4      | Noticed Sigmund
  4173 | D:4      | Reached XP level 6. HP: 42/45 MP: 15/15
  4179 | D:4      | Noticed Ijyb
  4197 | D:4      | Killed Sigmund
  4200 | D:4      | Killed Ijyb
  4233 | D:4      | Identified a -2 rod of ignition (9/9) (You found it on level 4 of the Dungeon)
  4258 | Ossuary  | Entered an ossuary
  4722 | Ossuary  | Reached skill level 6 in Conjurations
  4769 | Ossuary  | Noticed Johnny's ghost (experienced DgFE)
  5489 | Ossuary  | Killed Johnny's ghost
  5489 | Ossuary  | Reached skill level 5 in Spellcasting
  5489 | Ossuary  | Reached skill level 7 in Conjurations
  5489 | Ossuary  | Your scales start taking on a glossy black colour.
  5489 | Ossuary  | Gained mutation: You are resistant to electric shocks. [draconian maturity]
  5489 | Ossuary  | Reached XP level 7. HP: 34/50 MP: 4/18
  5697 | Ossuary  | Offered knowledge of Sandblast by Vehumet.
  5734 | Ossuary  | Reached skill level 1 in Air Magic
  6279 | D:4      | Found Klouxeb's Jewellery Shop.
  6291 | D:4      | Bought an uncursed ring of wizardry for 300 gold pieces
  6509 | D:5      | Entered Level 5 of the Dungeon
  6557 | D:5      | Offered knowledge of Static Discharge by Vehumet.
  6561 | D:5      | Learned a level 2 spell: Blink
  6630 | D:5      | Reached XP level 8. HP: 49/57 MP: 15/20
  6848 | D:5      | Found an opulent altar of Gozag.
  6959 | D:5      | Noticed Natasha
  6966 | D:5      | Killed Natasha
  7062 | D:5      | Noticed Natasha
  7068 | D:5      | Killed Natasha
  7316 | D:5      | Acquired Vehumet's second power
  7354 | D:5      | Noticed Natasha
  7359 | D:5      | Killed Natasha
  7367 | D:5      | Found a shimmering altar of Xom.
  7465 | D:5      | Noticed Duvessa
  7473 | D:5      | Killed Duvessa
  7473 | D:5      | Reached skill level 5 in Air Magic
  7499 | D:5      | Noticed Dowan
  7512 | D:5      | Killed Dowan
  8012 | D:5      | Offered knowledge of Airstrike by Vehumet.
  8012 | D:5      | Reached skill level 8 in Conjurations
  8020 | D:5      | Learned a level 4 spell: Airstrike
  8192 | D:6      | Found a staircase to the Ecumenical Temple.
  8469 | D:6      | Noticed Menkaure
  8471 | D:6      | Killed Menkaure
  8988 | D:6      | Found a burning altar of Makhleb.
  9006 | D:6      | Noticed a blizzard demon
  9011 | D:6      | Noticed an orange demon
  9138 | D:6      | Found a basalt altar of Yredelemnul.
  9322 | D:7      | Reached XP level 9. HP: 62/62 MP: 22/22
  9346 | D:7      | Found Efakixte's Magic Scroll Boutique.
  9463 | D:7      | Acquired Vehumet's third power
  9530 | D:7      | Offered knowledge of Venom Bolt by Vehumet.
  9570 | D:7      | Noticed Prince Ribbit
  9584 | D:7      | Killed Prince Ribbit
  9697 | D:7      | Noticed Pikel
  9846 | D:7      | Noticed flinch's ghost (experienced DsMo)
 10064 | D:7      | Reached skill level 9 in Conjurations
 10123 | D:7      | Killed Pikel
 10238 | D:7      | Reached skill level 10 in Air Magic
 10656 | D:7      | Killed flinch's ghost
 10656 | D:7      | Reached XP level 10. HP: 69/69 MP: 13/23
 10845 | D:8      | Reached skill level 11 in Air Magic
 11001 | D:8      | Noticed Joseph
 11024 | D:8      | Noticed Grum
 11092 | D:8      | Reached skill level 10 in Conjurations
 11346 | D:8      | Noticed Edmund
 11390 | D:8      | Killed Edmund
 11520 | D:8      | Reached skill level 12 in Air Magic
 11579 | D:8      | Offered knowledge of Iskenderun's Mystic Blast by Vehumet.
 11679 | D:8      | Got a pair of heavily runed gloves
 11734 | D:8      | Identified the cursed +0 pair of gloves "Amalaff" {rF++} (You found it on level 8 of the Dungeon)
 11771 | D:8      | Killed Grum
 11970 | D:8      | Killed Joseph
 12107 | D:9      | Reached skill level 13 in Air Magic
 12272 | D:9      | Found a shadowy altar of Dithmenos.
 12318 | D:9      | Found a staircase to the Orcish Mines.
 12475 | D:9      | Found a shattered altar of Ashenzari.
 12493 | D:9      | Learned a level 5 spell: Lightning Bolt
 12623 | D:9      | Found a snail-covered altar of Cheibriados.
 12884 | D:9      | Found a bloodstained altar of Trog.
 12885 | D:9      | Found an iron altar of Okawaru.
 13155 | D:9      | Reached XP level 11. HP: 74/74 MP: 22/25
 13639 | D:10     | Entered Level 10 of the Dungeon
 13735 | D:10     | Noticed Erolcha
 13750 | D:10     | Killed Erolcha
 14091 | D:10     | Found a deep blue altar of Sif Muna.
 14281 | D:10     | Noticed Fannar
 14288 | D:10     | Killed Fannar
 14288 | D:10     | Reached skill level 14 in Air Magic
 14832 | D:11     | Noticed an unseen horror
 14835 | D:11     | Killed an unseen horror
 14864 | D:11     | Noticed a hill giant
 14873 | D:11     | Killed a hill giant
 14873 | D:11     | Reached skill level 15 in Air Magic
 14937 | D:11     | Noticed a soul eater
 15170 | D:11     | Offered knowledge of Conjure Ball Lightning by Vehumet.
 15192 | D:11     | Found a staircase to the Lair.
 15480 | D:11     | Learned a level 6 spell: Conjure Ball Lightning
 16072 | D:12     | Found a shimmering altar of Xom.
 16072 | D:12     | Found a shimmering altar of Xom.
 16164 | D:12     | Reached skill level 16 in Air Magic
 17041 | D:13     | Noticed a hill giant
 17046 | D:13     | Killed a hill giant
 17046 | D:13     | Reached XP level 12. HP: 81/81 MP: 27/27
 17225 | D:13     | Noticed a centaur warrior
 17227 | D:13     | Killed a centaur warrior
 17279 | D:13     | Noticed a centaur warrior
 17516 | Lair:1   | Entered Level 1 of the Lair of Beasts
 17698 | Lair:1   | Offered knowledge of Bolt of Cold by Vehumet.
 19105 | Lair:2   | Reached skill level 10 in Spellcasting
 19323 | Lair:2   | Noticed Erica
 19331 | Lair:2   | Killed Erica
 19897 | Lair:3   | Found a staircase to the Swamp.
 19897 | Lair:3   | Found an opulent altar of Gozag.
 19979 | Lair:3   | Reached skill level 17 in Air Magic
 20204 | Lair:3   | Noticed a six-headed hydra
 20434 | D:9      | Learned a level 5 spell: Lightning Bolt
 20437 | D:9      | Learned a level 2 spell: Swiftness
 20592 | Lair:3   | Killed a six-headed hydra
 21128 | D:4      | Gained mutation: Your flesh is heat resistant. [potion of mutation]
 21128 | D:4      | Gained mutation: Your mind is acute. (Int +2) [potion of mutation]
 21128 | D:4      | Gained mutation: Your magical capacity is low (-10% MP). [potion of mutation]
 21129 | D:4      | Gained mutation: You are resistant to hostile enchantments. [potion of mutation]
 21129 | D:4      | Gained mutation: Your vision is a little blurry. [potion of mutation]
 21131 | D:4      | Lost mutation: Your mind is acute. (Int +2) [potion of cure mutation]
 21131 | D:4      | Lost mutation: Your vision is a little blurry. [potion of cure mutation]
 21131 | D:4      | Lost mutation: Your flesh is heat resistant. [potion of cure mutation]
 21131 | D:4      | Lost mutation: Your magical capacity is low (-10% MP). [potion of cure mutation]
 21132 | D:4      | Gained mutation: You can translocate small distances at will. [potion of beneficial mutation]
 21585 | Lair:3   | Reached XP level 13. HP: 86/86 MP: 32/32
 22317 | Lair:3   | Found a hole to the Spider Nest.
 22536 | Lair:4   | Offered knowledge of Freezing Cloud by Vehumet.
 22544 | Lair:4   | Learned a level 6 spell: Freezing Cloud
 25751 | Lair:5   | Offered knowledge of Spellforged Servitor by Vehumet.
 26074 | Lair:6   | Found an opulent altar of Gozag.
 26195 | Lair:6   | Reached skill level 18 in Air Magic
 26772 | Lair:6   | Found a staircase to the Slime Pits.
 27846 | Lair:8   | Entered Level 8 of the Lair of Beasts
 28214 | Lair:8   | Gained mutation: Your wings are large and strong. [draconian growth]
 28214 | Lair:8   | Reached XP level 14. HP: 84/93 MP: 23/34
 28840 | Lair:8   | Reached skill level 19 in Air Magic
 29530 | Lair:8   | Offered knowledge of Delayed Fireball by Vehumet.
 29579 | Lair:8   | Slain by a wolf spider

Inventory:

Hand weapons
 b - a +8 rapier of flaming
Armour
 o - a +2 cloak (worn)
 D - a +1 hat (worn)
 S - the +0 pair of gloves "Amalaff" (worn) {rF++}
   (You found it on level 8 of the Dungeon)

   It greatly protects you from fire.
 T - a +2 pair of boots (worn)
Magical staves
 a - an uncursed staff of power (weapon)
Jewellery
 c - an uncursed ring of see invisible
 w - a ring of wizardry (right hand)
 M - an uncursed amulet of resist mutation
 N - a ring of magical power (left hand)
 V - an uncursed ring of poison resistance
Magical devices
 r - a wand of invisibility (5)
 u - a wand of teleportation (3)
 G - a wand of disintegration (4)
Scrolls
 e - 5 scrolls of amnesia
 h - 6 scrolls of magic mapping
 n - a scroll of silence {unknown}
 s - 5 scrolls of blinking
 v - a scroll of remove curse
 y - 7 scrolls of fog
 z - 9 scrolls of teleportation
 B - a scroll of enchant armour
 E - a scroll of immolation
 I - a scroll of holy word {unknown}
 Q - 2 scrolls of recharging {unknown}
 R - 5 scrolls of vulnerability {unknown}
Potions
 f - 3 potions of cancellation
 g - a potion of resistance
 i - 6 potions of agility
 j - 3 potions of restore abilities
 k - a potion of brilliance {unknown}
 l - 5 potions of curing
 p - 2 potions of magic
 A - a potion of might
 J - 2 potions of invisibility
 K - a potion of haste
Books
 q - a book of the Warp

   Spells                             Type                      Level
   a - Recall                         Summoning/Translocation      3
   b - Control Teleport               Charms/Translocation         4
   c - Force Lance                    Conjuration/Translocation    4
   d - Phase Shift                    Translocation                5
   e - Warp Weapon                    Charms/Translocation         5
   f - Summon Forest                  Summoning/Translocation      5
 H - a Grand Grimoire {highlevel, unknown}

   This book is beyond your current level of understanding.

   Spells                             Type                      Level
   a - Aura of Abjuration             Summoning                    6
   b - Forceful Dismissal             Summoning                    6
   c - Summon Greater Demon           Summoning                    7
   d - Malign Gateway                 Summoning/Translocation      7
   e - Summon Horrible Things         Summoning                    8
Miscellaneous
 W - a crystal ball of energy
Comestibles
 d - 11 bread rations
 m - 13 slices of pizza
 t - 12 fruits
 L - 5 meat rations
 Z - 12 royal jellies

Table legend:
 A = Turns spent in this place as a percentage of turns spent in the entire game.
 B = Non-inter-level travel turns spent in this place as a percentage of non-inter-level travel turns spent in the entire game.
 C = Inter-level travel turns spent in this place as a percentage of turns spent in this place.
 D = Turns resting spent in this place as a percentage of non-inter-level travel turns spent in this place.
 E = Turns spent auto-exploring this place as a percentage of non-inter-level travel turns spent in this place.
 F = Non-inter-level travel turns spent in this place divided by the number of levels of this place that you've seen.
                   A       B       C       D       E      F
               +-------+-------+-------+-------+-------+----------------------
         Total | 100.0 | 100.0 |   0.6 |   8.1 |   8.5 | 349.4
       Dungeon |  56.7 |  56.6 |   0.6 |   8.1 |   9.2 | 334.9
          Lair |  29.5 |  29.4 |   0.7 |  10.5 |  10.6 | 282.9
       Ossuary |  13.8 |  13.9 |   0.0 |   3.4 |   1.0 | 1070.0
               +-------+-------+-------+-------+-------+----------------------


   Skills:
 - Level 1.7 Dodging
 - Level 1.7 Stealth
 + Level 13.7 Spellcasting
 - Level 11.0 Conjurations
   Level 1.0 Summonings
 - Level 1.0 Translocations
 * Level 19.4 Air Magic


You had 6 spell levels left.
You knew the following spells:

 Your Spells              Type           Power        Failure   Level  Hunger
a - Magic Dart            Conj           ####         1%          1    None
b - Repel Missiles        Chrm/Air       ######       1%          2    None
c - Conjure Flame         Conj/Fire      #####...     1%          3    None
d - Mephitic Cloud        Conj/Pois/Air  ######..     1%          3    None
e - Blink                 Tloc           N/A          1%          2    None
f - Airstrike             Air            #######...   0%          4    None
g - Conjure Ball Lightni  Conj/Air       ######....   1%          6    #####..
h - Lightning Bolt        Conj/Air       ######....   1%          5    ###....
i - Swiftness             Chrm/Air       ######..     1%          2    None
j - Freezing Cloud        Conj/Ice/Air   ######....   1%          6    #####..


Dungeon Overview and Level Annotations

Branches:
Dungeon (13/15)            Temple (0/1) D:6            Lair (8/8) D:11
  Swamp (0/5) Lair:3       Spider (0/5) Lair:3        Slime (0/6) Lair:6
    Orc (0/4) D:9
 Vaults: D:13-14

Altars:
Ashenzari
Cheibriados
Dithmenos
Gozag
Kikubaaqudgha
Makhleb
Okawaru
Qazlal
Sif Muna
Trog
Vehumet
Xom
Yredelemnul

Shops:
D:4 =


Innate Abilities, Weirdness & Mutations

You can breathe wild blasts of lightning.
You can fly continuously.
Your glossy black scales are hard (AC +8).
Your body does not fit into most forms of armour.
Your wings are large and strong.
You are resistant to electric shocks.
Your cold-blooded metabolism reacts poorly to cold.
You can translocate small distances at will.
You are resistant to hostile enchantments.


Message History

Vehumet accepts your kill.
The wolf spider hits you but does no damage.
The wolf spider closely misses you.
Found three items.
Casting: Blink
Confirm with . or Enter, or press ? or * to list all spells.
You blink.
A red wasp comes into view.
The guardian serpent casts a spell at you.
The bolt of poison misses you.
Found five items.
Read which item? (? for menu, Esc to quit)
As you read the scroll of teleportation, it crumbles to dust.
You feel strangely unstable.
Casting: Blink
Confirm with . or Enter, or press ? or * to list all spells.
You blink.
The guardian serpent gestures with its tail.
The red wasp blinks!
The wolf spider blinks!
The wolf spider blinks!
The wolf spider hits you but does no damage.
The wolf spider bites you but does no damage.
Casting: Blink
Confirm with . or Enter, or press ? or * to list all spells.
You blink.
You are engulfed in freezing vapours.
You feel yourself slow down.
The red wasp is engulfed in freezing vapours.
The wolf spider is engulfed in freezing vapours.
The wolf spider barely misses you. x2
The guardian serpent coils itself and performs some mystic snake dance.
The wolf spider blinks!
The spiny frog blinks!
The wolf spider is engulfed in freezing vapours.
The wolf spider hits you!! The wolf spider bites you.
The red wasp is engulfed in freezing vapours.
The red wasp stings you!
You are poisoned.
You feel as though you will be slow longer.
Drink which item? (? for menu, Esc to quit)
You feel much better.
You are engulfed in freezing vapours.
You feel sick.
The wolf spider is engulfed in freezing vapours.
The wolf spider hits you!
You die...

...P.###
#..##...###.P....
.......###
#####..†.###..P.....
.........#####..†...###
.P.....
...........##.....†##
.......
...........##......#
.....
.........#####..S.##
....
....P..###..###§§## ...
.....###..(##.#s§# ..
...###....##[.#F@#
...#.....##..##sy##
........##...#.§..#
.......##...##....#
......##....#......#
....P##.†..##.$?($.#
.....##....#.$.$?[$.#
....<......##[####!##
..........PP########P


You could see 2 wolf spiders, a red wasp, a guardian serpent and a spiny frog.

Table legend:
 A = Kills in this place as a percentage of kills in entire the game.
 B = Kills by you in this place as a percentage of kills by you in the entire game.
 C = Kills by friends in this place as a percentage of kills by friends in the entire game.
 D = Other kills in this place as a percentage of other kills in the entire game.
 E = Experience gained in this place as a percentage of experience gained in the entire game.
 F = Experience gained in this place divided by the number of levels of this place that you have seen.
                   A       B       C       D       E      F
               +-------+-------+-------+-------+-------+----------------------
         Total | 100.0 | 100.0 |  -nan | 100.0 | 100.0 | 3675.9
       Dungeon |  51.8 |  51.0 |  -nan | 100.0 |  30.3 | 1885.3
          Lair |  43.1 |  43.7 |  -nan |   0.0 |  68.7 | 6947.8
       Ossuary |   5.1 |   5.2 |  -nan |   0.0 |   1.0 | 779.0
               +-------+-------+-------+-------+-------+----------------------

Vanquished Creatures
  Fannar (D:10)
  5 hydras
  Erica (Lair:2)
  14 death yaks (Lair:8)
  A centaur warrior (D:13)
  The ghost of flinch the Martial Artist, an experienced DsMo of Nemelex Xobeh (D:7)
  An unseen horror (D:11)
  Erolcha (D:10)
  Pikel (D:7)
  2 hill giants
  3 cyclopes (D:13)
  3 black mambas
  12 spiny frogs
  4 oklob plants (Lair:6)
  2 griffons
  A manticore (D:11)
  An elephant (D:11)
  Joseph (D:8)
  A torpor snail (Lair:4)
  The ghost of Johnny the Firebug, an experienced DgFE (Ossuary)
  3 kobold demonologists (D:11)
  3 fire drakes
  5 komodo dragons
  2 trolls
  2 two-headed ogres (D:8)
  2 queen bees
  6 polar bears
  7 blink frogs
  Prince Ribbit (D:7)
  A trapdoor spider zombie (D:8)
  2 basilisks
  2 hogs (D:7)
  A redback (Lair:8)
  A vampire (D:13)
  A shadow (D:13)
  23 yaks
  A tarantella (Lair:3)
  3 wyverns
  A human (D:7)
  Grum (D:8)
  9 hippogriffs
  Edmund (D:8)
  Menkaure (D:6)
  11 wolves
  18 water moccasins
  12 porcupines
  2 spiders (Lair:8)
  5 orc warriors
  5 black bears
  2 yellow wasps (Lair:8)
  3 ice beasts
  2 necrophages
  5 sky beasts
  3 slaves (D:7)
  2 phantoms
  A boring beetle (Lair:6)
  3 ogres
  8 centaurs
  Sigmund (D:4)
  Duvessa (D:5)
  19 crocodiles
  17 giant frogs
  4 big kobolds
  A brain worm (Lair:7)
  2 water moccasin zombies
  3 scorpions
  49 killer bees
  A troll zombie (Ossuary)
  An electric eel (Lair:1)
  5 goliath beetles
  5 crimson imps
  Dowan (D:5)
  2 centaur zombies
  12 hounds
  4 orc priests
  2 centaur skeletons
  A giant frog zombie (D:12)
  6 orc wizards
  A quasit (D:6)
  5 giant frog skeletons
  Natasha (thrice) (D:5)
  14 iguanas
  17 worker ants
  19 sheep
  3 ogre zombies (Ossuary)
  Ijyb (D:4)
  A hound zombie (D:5)
  2 hound skeletons
  9 gnolls
  11 mummies
  25 adders
  52 river rats
  3 shadow imps
  A giant mite (D:6)
  6 worms
  5 adder zombies
  8 giant geckos
  28 orcs
  4 ball pythons
  A bat skeleton (D:6)
  A bat zombie (D:6)
  6 giant cockroaches
  14 goblins
  21 hobgoblins
  14 jackals
  3 oozes
  14 quokkas
  22 bats
  A giant cockroach zombie (D:5)
  A giant gecko zombie (D:8)
  3 giant newts
  A giant spore (D:9)
  4 gnoll zombies (Ossuary)
  5 goblin zombies (Ossuary)
  A hobgoblin zombie (Ossuary)
  A jackal zombie (D:8)
  30 kobolds
  3 kobold zombies (Ossuary)
  6 quokka zombies
  12 rats
  5 rat zombies (Ossuary)
  22 ballistomycetes
  2 butterflies (Lair:4)
  8 fungi
  10 plants
784 creatures vanquished.

Vanquished Creatures (others)
  31 ball lightnings
  A kobold (D:7)
  7 giant spores
  2 fungi
  3 plants (Lair:8)
44 creatures vanquished.

Grand Total: 828 creatures vanquished

Action                   |  1- 3 |  4- 6 |  7- 9 | 10-12 | 13-15 || total
-------------------------+-------+-------+-------+-------+-------++-------
Melee: Dagger            |    68 |   181 |       |       |       ||   249
       Rod               |       |     2 |     6 |       |       ||     8
       Rapier            |       |       |   118 |   317 |    76 ||   511
       Staff             |       |       |       |     9 |     3 ||    12
 Cast: Magic Dart        |    95 |   247 |   318 |   262 |     5 ||   927
       Repel Missiles    |     1 |     1 |     1 |     1 |       ||     4
       Mephitic Cloud    |       |     8 |    28 |    52 |     4 ||    92
       Conjure Flame     |       |    23 |    22 |    46 |    10 ||   101
       Airstrike         |       |       |    17 |   327 |   394 ||   738
       Blink             |       |       |     6 |    12 |    24 ||    42
       Conjure Ball Ligh |       |       |       |     8 |     8 ||    16
       Lightning Bolt    |       |       |       |     3 |       ||     3
       Freezing Cloud    |       |       |       |       |    34 ||    34
 Abil: Fly               |       |       |       |       |     1 ||     1
Evoke: Rod               |       |     5 |     1 |       |       ||     6
       Wand              |       |       |       |       |     1 ||     1
  Use: Scroll            |       |     8 |     7 |    18 |    10 ||    43
       Potion            |       |       |     1 |     4 |     1 ||     6
 Stab: Sleeping          |     1 |       |     1 |     2 |       ||     4
       Confused          |       |     3 |     6 |     9 |     3 ||    21
  Eat: Chunk             |     3 |    10 |    16 |    55 |    30 ||   114
       Beef jerky        |       |     1 |     1 |     3 |     3 ||     8
       Meat ration       |       |     1 |       |       |       ||     1
       Royal jelly       |       |       |     1 |       |       ||     1
       Fruit             |       |       |       |       |     1 ||     1

Vault maps used:
D:1:      dpeg_arrival_tiny_g
D:3:      kiku_gazebo_pond_becter, lemuel_coloured_pillars_altar,
          old_standard_altar, minmay_gold_behind_plants
D:4:      first_bread, nicolae_ossuary_entry_monument, serial_shops, shop,
          uniq_iyjb, uniq_sigmund
D:5:      kennysheep_little_box, lemuel_doored_altar, serial_glass,
          glass_columns_a, glass_columns_a, glass_columns_a, glass_columns_a,
          uniq_natasha, uniq_duvessa
D:6:      yredelemnul_altar_generic, minmay_temple_entry_statues_fountains,
          makhleb_altar_promises_db, uniq_menkaure
D:7:      serial_shops, nicolae_shop_window_shopping, dk_noncrumbling_4,
          grunt_livestock, eino_small_chamber_without_monster,
          uniq_prince_ribbit1, uniq_pikel
D:8:      uniq_grum, uniq_edmund, uniq_joseph
D:9:      grunt_temple_overflow_bloody_war, nicolae_overflow_hidden_temple,
          lemuel_crystal_altar, ashenzari_altar_1, orc_0_dummy
D:10:     basic_altar, kennysheep_generic_room_12, uniq_erolcha, uniq_fannar
D:11:     david_lair_generic
D:12:     xom_redecorated
D:13:     minmay_textured_paths, david_vaults_1
Lair:1:   special_room, serial_bayou_shore_a
Lair:2:   uniq_erica
Lair:3:   beast_lair_carwin_large_2, swamp_mist_pool, spider_nest_entry_rubble,
          special_room, basic_altar
Lair:4:   lemuel_fruit_fields, grunt_megastairs_4
Lair:5:   wad_woods_minihive
Lair:6:   minmay_lair_oklob_chamber, minmay_slime_entry_oklob_enclosed,
          basic_altar
Lair:7:   serial_forest, infiniplex_forest_clump_curved,
          infiniplex_forest_lined_3_way, infiniplex_forest_zigzag_2,
          infiniplex_forest_lined_room_2, infiniplex_forest_straight_2,
          infiniplex_forest_straight_1, infiniplex_forest_clump_tiny,
          infiniplex_forest_clump_double
Lair:8:   hangedman_lair_tendril_chambers, infiniplex_staircase_pool_2
Ossuary:  ossuary_boxes_badplayer
